 Dungeon Crawl Stone Soup version 0.22.0-5-gf09313c (webtiles) character file.

562 Gorglomux the Sneak (level 7, -9/37 HPs)
             Began as a Vine Stalker Assassin on Aug 13, 2018.
             Killed from afar by Dowan (18 damage)
             ... with a shard of ice
             ... on level 5 of the Dungeon.
             The game lasted 00:02:22 (3129 turns).

Gorglomux the Sneak (Vine Stalker Assassin)         Turns: 3129, Time: 00:02:23

Health: -9/37      AC: 11    Str: 16    XL:     7   Next: 32%
Magic:  0/8        EV:  7    Int: 11    God:
Gold:   100        SH:  0    Dex: 15    Spells: 6/6 levels left

rFire    . . .     SeeInvis .   y - +1 dagger (venom)
rCold    . . .     Gourm    .   (no shield)
rNeg     . . .     Faith    .   K - +0 chain mail
rPois    .         Spirit   +   (no helmet)
rElec    .         Reflect  .   d - +0 cloak
rCorr    .         Harm     .   N - +0 pair of gloves
MR       .....                  (no boots)
Stlth    ..........             (no amulet)
HPRegen  0.52/turn              (no ring)
MPRegen  0.11/turn              (no ring)

@: no status effects
A: fangs 2, regeneration 1, magic shield, antimagic bite, no potion heal 3, rot
immunity
a: no special abilities


You were on level 5 of the Dungeon.
You were not hungry.

You visited 1 branch of the dungeon, and saw 5 of its levels.

You collected 100 gold pieces.

Inventory:

Hand Weapons
 a - a +2 dagger
 q - a +0 blowgun
 y - a +1 dagger of venom (weapon)
Missiles
 e - 39 poisoned needles
 f - 2 curare-tipped needles
Armour
 d - a +0 cloak (worn)
 A - a +0 shield
 K - a +0 chain mail (worn)
 N - a +0 pair of gloves (worn)
Wands
 P - a wand of paralysis (14)
Scrolls
 r - a scroll of magic mapping {unknown}
 t - 5 scrolls of identify {unknown}
 v - a scroll of fear {unknown}
 w - a scroll of fog {unknown}
 B - a scroll of enchant weapon {unknown}
 F - 4 scrolls of remove curse {unknown}
 L - a scroll of blinking {unknown}
 O - a scroll of amnesia {unknown}
Potions
 p - 3 potions of berserk rage {unknown}
 u - 2 potions of curing {unknown}
 x - a potion of mutation {unknown}
 z - 2 potions of haste {unknown}
 D - 3 potions of cancellation {unknown}
 G - a potion of flight {unknown}
 H - a potion of degeneration {unknown}
 J - 4 potions of invisibility {unknown}
 M - a potion of resistance {unknown}
 R - a potion of heal wounds {unknown}
Comestibles
 g - 4 rations


   Skills:
 + Level 3.8 Fighting
 + Level 3.8 Short Blades
 - Level 1.7 Throwing
 + Level 2.8 Armour
 - Level 2.0 Dodging
 - Level 4.8 Stealth
 + Level 2.2 Shields


You had 6 spell levels left.
You didn't know any spells.
Your spell library contained the following spells:

 Spells                   Type           Power        Failure   Level  Hunger
 Confuse                  Hex            #.......     100%        3    ####...
 Confusing Touch          Hex            #.....       99%         1    ##.....
 Metabolic Englaciation   Hex/Ice        #.........   100%        5    ######.
 Petrify                  Tmut/Erth      #.......     100%        4    #####..
 Gell's Gravitas          Tloc           #.........   100%        3    ####...
 Yara's Violent Unravell  Hex/Tmut       #.........   100%        5    ######.


Dungeon Overview and Level Annotations

Branches:
Dungeon (5/15)
 Temple: D:4-7

Altars:
Nemelex Xobeh
Okawaru
Trog
Zin

Shops:
D:3 *

Annotations:
D:5 Dowan


Innate Abilities, Weirdness & Mutations

You have extremely sharp teeth.
Your natural rate of healing is unusually fast.
When hurt, damage is shared between your health and your magic reserves.
Your bite disrupts and absorbs the magic of your enemies.
Potions cannot restore your health.
You are immune to rotting.


Message History

Dowan gestures wildly while chanting!
Dowan blinks!!!
Dowan zaps a wand!
The puff of flame misses you!
There is a stone staircase leading butt, spattered with blood here!
You swing at nothing!
Dowan zaps a wand!
The puff of flame hits you!!!
You swing at nothing!
Butt swing at nothing!
Dowan zaps a wand!
The puff of flame hits you!!!
You swing at nothing!
Dowan zaps a wand!
The puff of flame hits you!!!
You swing at nothing!
Dowan hits you but does no damage!
You stick Dowan but do no butt! You bite Dowan, but do no damage!
Dowan is severely wounded!
Dowan zaps a wand!
The puff of flame hits you!!!
Butt closely butts Dowan!
Dowan is almost dead!
Dowan gestures at you while chanting!
The stone arrow hits you!!! * * * don't die
* * * Dowan casts a spell at you!
The shard of ice hits you!!! rip

#.# #.# #.#
#.# #.# #.#
#.#
#.#######.#
#...e<@...#
#......#####
#.######


You could see Dowan.

Vanquished Creatures
  Duvessa (D:5)
  A phantom (D:4)
  A bullfrog (D:4)
  A hound (D:4)
  2 orc priests
  An iguana (D:4)
  A worker ant (D:4)
  6 adders
  3 gnolls (D:3)
  2 worms
  A dart slug (D:2)
  2 leopard geckos (D:3)
  18 orcs
  5 bats
  3 giant cockroaches
  4 goblins
  5 hobgoblins
  8 jackals
  3 quokkas
  A frilled lizard (D:1)
  5 kobolds
  9 rats
83 creatures vanquished.

Notes
Turn   | Place    | Note
-------+----------+-------------------------------------------
     0 | D:1      | Gorglomux the Vine Stalker Assassin began the quest for the Orb.
     0 | D:1      | Reached XP level 1. HP: 11/11 MP: 2/2
    41 | D:1      | Reached skill level 1 in Dodging
   118 | D:1      | Reached XP level 2. HP: 12/15 MP: 3/3
   868 | D:2      | Reached XP level 3. HP: 13/18 MP: 4/4
   985 | D:2      | Found a sparkling altar of Nemelex Xobeh.
  1028 | D:2      | Reached skill level 1 in Armour
  1066 | D:2      | Found an iron altar of Okawaru.
  1084 | D:2      | Found a bloodstained altar of Trog.
  1305 | D:2      | Gained mutation: Your natural rate of healing is unusually fast. [Vine Stalker growth]
  1305 | D:2      | Reached XP level 4. HP: 12/23 MP: 5/5
  1681 | D:3      | Found Zin's Purification Station.
  1686 | D:3      | Found a glowing silver altar of Zin.
  1819 | D:3      | You fall through a shaft!
  1890 | D:3      | Reached XP level 5. HP: 28/28 MP: 6/6
  1992 | D:3      | Reached skill level 3 in Fighting
  2125 | D:3      | Reached skill level 3 in Short Blades
  2319 | D:4      | Reached skill level 1 in Shields
  2319 | D:4      | Reached XP level 6. HP: 8/32 MP: 3/7
  2671 | D:4      | Noticed a phantom
  2710 | D:4      | Killed a phantom
  2751 | D:4      | Reached XP level 7. HP: 23/36 MP: 6/8
  3006 | D:5      | Entered Level 5 of the Dungeon
  3021 | D:5      | Noticed Dowan
  3022 | D:5      | Noticed Duvessa
  3051 | D:5      | Killed Duvessa
  3129 | D:5      | Killed from afar by Dowan

Skill      XL: |  1  2  3  4  5  6  7 |
---------------+----------------------+-----
Dodging        | 1 2 |  2.0
Fighting       | 2 3 |  3.8
Short Blades   | 2 3 |  3.8
Armour         | 1 2 |  2.8
Shields        | 1 2 |  2.2
Throwing       | |  1.7
Stealth        | |  4.8

Action                   |  1- 3 |  4- 6 |  7- 9 || total
-------------------------+-------+-------+-------++-------
Melee: Dagger            |    70 |   182 |    26 ||   278
       Bite              |    17 |    60 |    12 ||    89
 Stab: Sleeping          |    12 |       |       ||    12
  Eat: Chunk             |     1 |     5 |     1 ||     7
Armor: Robe              |     9 |     4 |       ||    13
       Chain mail        |       |    64 |    14 ||    78
Dodge: Dodged            |    35 |    60 |     6 ||   101
